Map: New Repugnancy LE

Players

souL - Winner!

  • Race: Terran Terran
  • Spawn Location: 7:00

SortOf

  • Race: Zerg Zerg
  • Spawn Location: 1:00

Event: 2019 WCS Spring

VOD

Have the link to the VOD?

Description

Time

  • Played on: May 17, 2019, 12:09 p.m.
  • Length: 9:02

All games in this series

Show
View Real Time Build Order
Export as new Build Order

souL Terran - Winner!

Build Orders: Reaper Expand 

Get SALT Encoding   

  12  0:00  SCV  
  13  0:13  SCV  
  14  0:17  Supply Depot  
  14  0:25  SCV  
  15  0:39  SCV  
  15  0:40  Barracks  
  16  0:44  Refinery  
  16  0:51  SCV  
  17  1:03  SCV  
  18  1:15  SCV  
  19  1:27  Reaper, Orbital Command  
  20  1:40  Command Center  
  20  1:49  Supply Depot  
  20  1:53  SCV  
  21  1:59  Marine  
  22  2:05  SCV  
  23  2:08  Factory  
  23  2:17  SCV  
  23  2:22  Barracks Reactor  
  24  2:31  SCV  
  24  2:35  Bunker  
  25  2:45  SCV  
  25  2:50  Command Center  
  26  3:04  SCV  
  27  3:07  Hellion x2  
  31  3:13  Barracks Tech Lab  
  31  3:16  SCV, Orbital Command  
  32  3:28  SCV, Hellion x2  
  32  3:32  Marine  
  32  3:33  Stimpack  
  38  3:40  SCV  
  39  3:41  SCV  
  39  3:46  Supply Depot  
  40  3:50  Marine  
  40  3:52  SCV  
  40  3:53  SCV  
  43  4:01  Factory Reactor  
  43  4:02  Refinery, Barracks x2  
  43  4:04  SCV  
  43  4:06  Orbital Command  
  43  4:08  SCV  
  45  4:16  SCV  
  46  4:20  Starport  
  46  4:21  SCV  
  47  4:28  SCV, Barracks  
  47  4:29  Barracks  
  48  4:32  SCV  
  48  4:33  SCV  
  48  4:34  Refinery  
  50  4:41  SCV, Refinery  
  50  4:44  SCV, Factory Tech Lab  
  52  4:45  SCV  
  53  4:53  SCV  
  53  4:56  SCV, Engineering Bay  
  53  4:59  SCV  
  56  5:01  Starport Reactor, Supply Depot  
  56  5:03  Engineering Bay  
  56  5:05  SCV  
  56  5:06  Marine  
  58  5:07  Marine  
  58  5:10  Marine x2  
  58  5:11  SCV  
  63  5:14  Siege Tank  
  63  5:16  Barracks Reactor x2  
  63  5:18  SCV  
  63  5:19  Marine  
  67  5:22  Supply Depot  
  67  5:25  Supply Depot  
  67  5:28  Marine  
  67  5:29  Marine  
  67  5:30  Marine x2  
  67  5:35  Terran Infantry Weapons Level 1, Terran Infantry Armor Level 1  
  71  5:37  Marine  
  72  5:45  Supply Depot  
  72  5:46  Marine  
  72  5:47  Siege Tank, Marine x2  
  72  5:48  Marine  
  77  5:50  Supply Depot  
  77  5:53  Marine x2  
  77  5:54  Marine  
  77  5:56  Marine  
  82  5:59  Medivac  
  82  6:00  Medivac  
  82  6:01  Marine  
  82  6:04  Marine  
  86  6:05  Orbital Command, Marine x2  
  86  6:07  Marine  
  86  6:10  Marine, Supply Depot  
  91  6:13  Supply Depot  
  91  6:14  Marine x2  
  91  6:18  Combat Shield  
  93  6:19  Marine  
  93  6:20  Marine  
  93  6:23  Marine  
  93  6:24  Marine x3  
  99  6:33  Supply Depot, Marine  
  99  6:35  Supply Depot, Marine  
  99  6:37  Supply Depot  
  99  6:38  Marine x3  
  104  6:41  Marine  
  104  6:42  Marine x2  
  104  6:45  Marine  
  108  6:51  Marine  
  108  6:53  Marine  
  110  6:55  Medivac, Marine  
  110  6:56  Marine x2  
  110  6:59  Marine  
  110  7:00  Marine x2  
  118  7:03  Marine  
  118  7:08  Siege Tank  
  121  7:09  Marine  
  121  7:10  Marine  
  121  7:13  Marine x2  
  121  7:14  Marine  
  124  7:16  Marine  
  124  7:18  Marine  
  124  7:21  Marine x2  
  99  7:25  Medivac  
  99  7:27  Marine  
  99  7:28  Marine  
  97  7:30  Medivac  
  97  7:31  Marine  
  97  7:32  Marine  
  97  7:34  Marine  
  102  7:39  Marine  
  102  7:40  Siege Tank, Marine  
  102  7:43  Marine  
  102  7:44  Marine  
  102  7:45  Marine  
  102  7:48  Marine  
  102  7:49  Marine  
  102  7:50  Marine  
  107  7:53  Marine  
  107  7:55  Medivac  
  110  8:01  Marine  
  110  8:03  Marine  
  107  8:06  Marine x2  
  107  8:07  Marine  
  107  8:08  Medivac  
  107  8:10  Marine  
  107  8:11  Marine x2  
  107  8:13  Marine  
  107  8:19  Marine  
  105  8:21  Marine  
  105  8:24  Marine x3  
  105  8:28  Medivac, Marine x3  
  105  8:30  Marine  
  105  8:37  Marine  
  105  8:38  Marine  
  101  8:41  Marine  
  101  8:42  Marine  
Show
View Real Time Build Order
Export as new Build Order

SortOf Zerg 

Build Orders: Pool First, Muta Ling Bane 

Get SALT Encoding   

  12  0:00  Drone  
  13  0:12  Overlord  
  13  0:18  Drone  
  14  0:31  Drone x2  
  16  0:41  Spawning Pool  
  15  0:46  Drone  
  17  0:50  Drone  
  17  0:56  Drone  
  18  1:13  Hatchery  
  18  1:16  Extractor  
  16  1:23  Drone  
  17  1:28  Zergling x4  
  19  1:34  Queen  
  21  1:40  Overlord  
  21  1:49  Drone  
  22  2:00  Drone  
  23  2:09  Queen  
  23  2:13  Drone  
  26  2:23  Drone  
  26  2:27  Queen  
  29  2:31  Drone  
  29  2:32  Metabolic Boost  
  29  2:36  Drone x2  
  31  2:43  Drone x3  
  33  2:46  Drone x2  
  35  2:56  Overlord  
  35  2:59  Drone  
  36  3:09  Hatchery  
  36  3:10  Drone  
  36  3:18  Zergling x2  
  36  3:19  Zergling x4  
  39  3:20  Drone  
  39  3:21  Drone  
  39  3:27  Queen  
  41  3:33  Drone  
  44  3:35  Overlord  
  44  3:38  Overlord  
  44  3:46  Overlord  
  44  3:55  Drone x2  
  46  3:56  Drone x2  
  46  3:57  Drone  
  46  4:02  Zergling x2  
  50  4:05  Queen  
  50  4:08  Drone  
  53  4:11  Drone x3  
  53  4:14  Drone  
  57  4:21  Evolution Chamber  
  57  4:22  Evolution Chamber, Queen, Drone  
  57  4:23  Drone x4  
  62  4:27  Overlord  
  62  4:33  Drone x2  
  62  4:36  Overlord  
  62  4:37  Extractor  
  63  4:40  Drone x3  
  66  4:46  Drone  
  66  4:50  Zergling x4  
  69  4:54  Extractor  
  69  4:55  Drone x4, Zerg Melee Weapons Level 1  
  72  5:00  Overlord, Zerg Ground Armor Level 1  
  72  5:03  Drone  
  72  5:04  Queen  
  72  5:05  Overlord  
  75  5:08  Drone  
  75  5:09  Overlord  
  75  5:12  Drone x3  
  79  5:16  Drone  
  80  5:23  Drone x5, Baneling Nest  
  80  5:26  Extractor x3  
  81  5:30  Drone  
  81  5:31  Drone  
  81  5:32  Drone x2  
  81  5:34  Drone x2  
  87  5:36  Lair  
  87  5:40  Hatchery  
  87  5:42  Drone  
  87  5:43  Zergling x6  
  87  5:49  Zergling x4  
  92  5:53  Zergling x6  
  95  5:58  Overlord  
  95  6:00  Spore Crawler  
  94  6:05  Zergling x6  
  94  6:07  Baneling x12  
  97  6:11  Zergling x14  
  97  6:12  Zergling x2  
  97  6:16  Overlord  
  97  6:18  Overlord  
  105  6:21  Pneumatized Carapace  
  105  6:22  Zergling x4  
  105  6:23  Zergling x4  
  108  6:33  Zergling x6  
  108  6:36  Centrifical Hooks  
  108  6:38  Drone, Spire  
  108  6:39  Drone  
  112  6:40  Overseer, Drone x2  
  112  6:42  Drone  
  115  6:49  Zergling x2  
  116  6:54  Zergling x14  
  123  7:03  Zergling x8  
  127  7:10  Zergling x12  
  128  7:22  Zergling x8  
  108  7:27  Zergling x14  
  108  7:28  Baneling x5  
  108  7:31  Overseer  
  103  7:38  Zergling x2  
  103  7:39  Zergling x6  
  101  7:44  Zergling x8  
  101  7:48  Zergling x4  
  107  7:55  Mutalisk x2  
  107  7:57  Baneling  
  111  8:02  Mutalisk x4  
  111  8:07  Zergling x8  
  111  8:10  Baneling x2  
  108  8:13  Zergling x6  
  108  8:17  Zergling x2  
  108  8:18  Zergling x12  
  116  8:23  Zergling x2  
  116  8:25  Baneling x2  
  116  8:26  Baneling x6  
  113  8:30  Zergling x6  
  92  8:42  Hatchery  
  92  8:43  Zergling x6  
  92  8:45  Baneling  
Tags
 
Add a new tag
Caveats
  • Supply blocks, unpowered buildings, or Contaminate may cause inaccurate times.
  • Supply counts are checked every 10 seconds.